 Dungeon Crawl Stone Soup version 0.30-a0-210-g01b79a254e (webtiles) character file.

Game seed: 17697090311682811052

316 tsouns the Magician (level 6, 0/30 (32) HPs)
             Began as a Deep Elf Ice Elementalist on Oct 4, 2022.
             Was a Believer of Sif Muna.
             Slain by a necrophage (6 damage)
             ... on level 4 of the Dungeon.
             The game lasted 00:07:02 (3017 turns).

tsouns the Magician (Deep Elf Ice Elementalist)     Turns: 3017, Time: 00:07:03

HP:   0/30 (32)     AC:  3    Str:  5    XL:     6   Next: 20%
MP:   1/17          EV: 17    Int: 22    God:    Sif Muna [**....]
Gold: 104           SH:  0    Dex: 15    Spells: 11/18 levels left

rFire   . . .      SeeInvis .    r - +0 quarterstaff
rCold   . . .      Faith    .    (shield currently unavailable)
rNeg    . . .      Spirit   .    a - +1 robe
rPois   .          Reflect  .    (no helmet)
rElec   .          Harm     .    (no cloak)
rCorr   .          Rampage  .    (no gloves)
Will    +....                    (no boots)
Stlth   ++........               (no amulet)
HPRegen 0.25/turn                q - +4 ring of evasion
MPRegen 0.15/turn                o - ring of willpower

@: very slightly contaminated, drained
A: no striking features
a: Renounce Religion, Channel Magic


You were on level 4 of the Dungeon.
You worshipped Sif Muna.
Sif Muna was pleased with you.
You visited 1 branch of the dungeon, and saw 4 of its levels.

You collected 167 gold pieces.
You spent 63 gold pieces at shops.

Inventory:

Hand Weapons
 r - a +0 quarterstaff (weapon)
Armour
 a - a +1 robe (worn)
 u - a +0 buckler
Jewellery
 l - a ring of flight
 o - a ring of willpower (right hand)
 q - a +4 ring of evasion (left hand)
Scrolls
 c - a scroll of magic mapping {unknown}
 e - 2 scrolls of vulnerability
 m - a scroll of torment {unknown}
 n - 3 scrolls of brand weapon {unknown}
 p - a scroll of amnesia
 s - a scroll of enchant armour
Potions
 b - a potion of magic
 d - 3 potions of attraction
 f - a potion of cancellation
 g - a potion of curing {unknown}
 h - a potion of brilliance
 i - 2 potions of heal wounds {unknown}
 j - a potion of invisibility {unknown}
 k - a potion of ambrosia {unknown}


   Skills:
 - Level 2.7 Dodging
 - Level 2.7 Stealth
 + Level 6.7 Spellcasting
 + Level 6.2 Ice Magic


You had 11 spell levels left.
You knew the following spells:

 Your Spells              Type           Power      Damage    Failure   Level
a - Freeze                Ice            100%       1d11      1%          1
b - Frozen Ramparts       Ice            68%        1d11      1%          3
c - Ozocubu's Armour      Ice            34%        N/A       1%          3

Your spell library contained the following spells:

 Spells                   Type           Power      Damage    Failure   Level
 Cigotuvi's Dreadful Rot  Necr/Pois/Air  14%        N/A       13%         2
 Poisonous Vapours        Pois/Air       14%        N/A       13%         2
 Summon Ice Beast         Ice/Summ       21%        N/A       24%         4
 Mephitic Cloud           Conj/Pois/Air  7%         N/A       26%         3


Dungeon Overview and Level Annotations

Branches:
Dungeon (4/15)
 Temple: D:4-7

Altars:
Hepliaklqana
Sif Muna

Shops:
D:1 *   D:4 *


Message History

The necrophage hits you.
Unknown command.
Casting: Freeze (safe; 1% risk of failure)
Confirm with . or Enter, or press ? or * to list all spells.
Aiming: Freeze (safe; 1% risk of failure)
Press: ? - help, Shift-Dir - straight line, f/p - necrophage
Aim: a necrophage (heavily damaged)
You freeze the necrophage.
The necrophage resists.
The necrophage is severely damaged.
The necrophage hits you.
Unknown command.
Casting: Freeze (safe; 1% risk of failure)
Confirm with . or Enter, or press ? or * to list all spells.
Aiming: Freeze (safe; 1% risk of failure)
Press: ? - help, Shift-Dir - straight line, f/p - necrophage
Aim: a necrophage (severely damaged)
You freeze the necrophage.
The necrophage resists.
The necrophage is almost destroyed.
The necrophage hits you.
* * * LOW HITPOINT WARNING * * *
You feel drained.
* * * LOW HITPOINT WARNING * * *
Casting: Freeze (safe; 1% risk of failure)
Confirm with . or Enter, or press ? or * to list all spells.
Aiming: Freeze (safe; 1% risk of failure)
Press: ? - help, Shift-Dir - straight line, f/p - necrophage
Aim: a necrophage (almost destroyed)
You freeze the necrophage.
The necrophage resists.
The necrophage is almost destroyed.
The necrophage barely misses you.
Unknown command.
Casting: Freeze (safe; 1% risk of failure)
Confirm with . or Enter, or press ? or * to list all spells.
Aiming: Freeze (safe; 1% risk of failure)
Press: ? - help, Shift-Dir - straight line, f/p - necrophage
Aim: a necrophage (almost destroyed)
You freeze the necrophage.
The necrophage resists.
The necrophage is almost destroyed.
The necrophage hits you.
You die...

#. ####.
..#.### ###
.....##..#
#......8#.#
#####.........#
.......<...∩.#
#.......###..#
...###..@# .
###n# #.# ...
.##. .. . .. #
###


You could see a necrophage.

Vanquished Creatures
  Blork the orc (D:4)
  A hound (D:3)
  4 orc wizards
  Terence (D:2)
  An adder (D:2)
  A worm (D:2)
  2 dart slugs
  10 orcs
  4 endoplasms
  2 giant cockroaches (D:1)
  9 goblins
  3 hobgoblins (D:2)
  7 jackals
  3 kobolds
  A quokka (D:2)
  9 ball pythons
  6 bats
  4 frilled lizards
  5 rats
74 creatures vanquished.

Notes
Turn   | Place    | Note
-------+----------+-------------------------------------------
     0 | D:1      | tsouns the Deep Elf Ice Elementalist began the quest for
                  | the Orb.
     0 | D:1      | Reached XP level 1. HP: 10/10 MP: 6/6
   113 | D:1      | Reached XP level 2. HP: 15/15 MP: 4/8
   618 | D:1      | Found a faded altar of an unknown god.
   631 | D:1      | Prayed at the altar of an unknown god.
   631 | D:1      | Became a worshipper of Sif Muna the Loreminder
   631 | D:1      | Reached * piety under Sif Muna
   734 | D:1      | Reached XP level 3. HP: 19/19 MP: 8/10
   785 | D:1      | Learned a level 3 spell: Frozen Ramparts
   789 | D:1      | Learned a level 3 spell: Ozocubu's Armour
   954 | D:1      | Found Marchaq's Assorted Antiques.
  1082 | D:1      | Bought a lumpy yellow potion for 20 gold pieces
  1082 | D:1      | Bought a scroll labelled HUCISA EDOX for 23 gold pieces
  1082 | D:1      | Bought a murky ruby potion for 20 gold pieces
  1121 | D:2      | Reached skill level 5 in Ice Magic
  1147 | D:2      | Found a hazy altar of Hepliaklqana.
  1147 | D:2      | Noticed Terence
  1158 | D:2      | Killed Terence
  1712 | D:2      | Reached XP level 4. HP: 24/24 MP: 6/12
  1905 | D:2      | HP: 1/24 [orc wizard/+0 dagger (2)]
  1908 | D:2      | Reached skill level 5 in Spellcasting
  2123 | D:3      | Reached ** piety under Sif Muna
  2131 | D:3      | Reached XP level 5. HP: 25/28 MP: 2/15
  2998 | D:4      | Noticed Blork the orc
  2998 | D:4      | Found Xuoppoe's Assorted Antiques.
  3006 | D:4      | Killed Blork the orc
  3007 | D:4      | Reached XP level 6. HP: 24/32 MP: 9/17
  3017 | D:4      | Slain by a necrophage

Illustrated notes

Levels and vault maps discovered:
D:1:      spicycebolla_green_bress_n_ham, layout_basic,
          ebering_ecumenical_altar_abandoned, serial_shops,
          nicolae_shop_overgrown_old_shop, minmay_unequal
D:2:      layout_loops_cross, basic_altar, uniq_terence
D:3:      layout_basic, grunt_ministairs_7
D:4:      layout_rooms, amcnicky_altar_gilded, serial_shops, shop_statue,
          cheibrodos_sewer_entry_drain, gammafunk_ghost_smash,
          minmay_misc_feat_room, uniq_blork_the_orc

Skill      XL: |  1  2  3  4  5 |
---------------+----------------+-----
Ice Magic      | 5 6 |  6.2
Spellcasting   | 4 5 6 |  6.7
Dodging        | |  2.7
Stealth        | |  2.7

Action                   |  1- 3 |  4- 6 || total
-------------------------+-------+-------++-------
Melee: Unarmed           |     4 |     1 ||     5
       Quarterstaff      |       |     3 ||     3
 Cast: Freeze            |    57 |    45 ||   102
       Frozen Ramparts   |       |     6 ||     6
  Use: Scroll            |     6 |     1 ||     7
       Potion            |       |     1 ||     1
Armor: Robe              |    11 |     9 ||    20
Dodge: Dodged            |    28 |    23 ||    51

Table legend: (Time is in decaauts)
 A = Elapsed time spent in this place.
 B = Non-inter-level travel time spent in this place.
 C = Inter-level travel time spent in this place.
 D = Time resting spent in this place.
 E = Time spent auto-exploring this place.
 F = Levels seen in this place.
 G = Mean time per level.
                   A        B        C        D        E       F      G
               +--------+--------+--------+--------+--------+-----+--------+
         Total |   3015 |   2834 |    181 |      0 |   2357 |   4 |  753.8 |
       Dungeon |   3015 |   2834 |    181 |      0 |   2357 |   4 |  753.8 |
               +--------+--------+--------+--------+--------+-----+--------+

Top non-repeatable levels by time:
     D:1: 1113 daAuts
     D:2: 974 daAuts
     D:3: 909 daAuts
     D:4: 18 daAuts
